 Dungeon Crawl Stone Soup version 0.18.1-50-g88ac8fd (webtiles) character file.

114 grisgris the Vexing (level 4, -6/32 HPs)
             Began as a Vampire Enchanter on Oct 22, 2016.
             Killed from afar by jazmu's ghost (11 damage)
             ... with a flame tongue
             ... on level 3 of the Dungeon.
             The game lasted 00:06:34 (2810 turns).

grisgris the Vexing (Vampire Enchanter)             Turns: 2810, Time: 00:06:34

Health: -6/32      AC:  3    Str:  7    XL:     4   Next: 66%
Magic:  0/8        EV: 12    Int: 18    God:
Gold:   56         SH:  0    Dex: 14    Spells: 3 memorised, 3 levels left

rFire  . . .     SeeInvis +     a - +1 dagger
rCold  + + .     Gourm    .     b - +1 robe
rNeg   + + +     Faith    .     (no shield)
rPois  +         Spirit   .     (no helmet)
rElec  .         Dismiss  .     (no cloak)
rCorr  .         Reflect  .     (no gloves)
SustAt .         Harm     .     (no boots)
MR     .....                    (no amulet)
Stlth  +++.......               (no ring)
                                (no ring)

@: very slightly contaminated, regenerating slowly, drained, not resistant to
hostile enchantments, fairly stealthy
A: fangs 3, see invisible, unbreathing
a: Bat Form


You were on level 3 of the Dungeon.
You were near bloodless.

You visited 1 branch of the dungeon, and saw 3 of its levels.

You collected 56 gold pieces.

Inventory:

Hand Weapons
 a - a +1 dagger (weapon)
Armour
 b - a +1 robe (worn)
Scrolls
 e - a scroll of identify
 f - a scroll of amnesia {unknown}
 i - 2 scrolls of remove curse
Potions
 d - 2 potions of flight {unknown}
Books
 c - a book of Maledictions

   Spells                             Type                      Level
   a - Corona                         Hexes                        1
   b - Ensorcelled Hibernation        Hexes/Ice                    2
   c - Confuse                        Hexes                        3
   d - Tukima's Dance                 Hexes                        3
   e - Dazzling Spray                 Conjuration/Hexes            3


   Skills:
 + Level 1.0(0.2) Fighting
 + Level 2.0(1.1) Short Blades
 + Level 3.0(2.1) Dodging
 + Level 4.8(3.8) Stealth
 * Level 3.0(2.0) Spellcasting
 + Level 4.8(3.8) Hexes
 + Level 1.0(0.1) Ice Magic


You had 3 spell levels left.
You knew the following spells:

 Your Spells              Type           Power        Failure   Level  Hunger
a - Ensorcelled Hibernat  Hex/Ice        #.....       12%         2    ###....
b - Confuse               Hex            ###.....     14%         3    ###....
c - Corona                Hex            ###....      4%          1    #......


Dungeon Overview and Level Annotations

Branches:
Dungeon (3/15)

Altars:

Annotations:
D:2 Natasha
D:3 jazmu's ghost, amateur OpFE


Innate Abilities, Weirdness & Mutations

You heal slowly.
You have razor-sharp teeth.
You have supernaturally acute eyesight.
You can survive without breathing.


Message History

Jazmu's ghost stares at you and mumbles some strange words.
The flame tongue misses you.
Found a gold wand.
There is an open door here.
Casting: Confuse
Confirm with . or Enter, or press ? or * to list all spells.
Aiming: Corona
Press: ? - help, Shift-Dir - straight line, f/p - jazmu's ghost
Aim: jazmu's ghost (heavily damaged, chance to defeat MR: 47%)
You miscast Corona.
You feel off-balance for a moment.
Jazmu's ghost stares at you and mumbles some strange words.
The flame tongue hits you!
You hit jazmu's ghost but do no damage.
Jazmu's ghost is heavily damaged.
Jazmu's ghost casts a spell at you. The flame tongue hits you!
* * * LOW HITPOINT WARNING * * *
Jazmu's ghost casts a spell at you. The flame tongue hits you!
You die...

. #.[..#.......#
.#######....#.......#
........#....#.......#
..##.........###########
.............##.).......
.............##.########
......†.W....##.#
....###'#######.# ../
#..@..# #.# #.....# #.#
#.....# #.# #.....# #.#
#.....# #"# #..)..# #.#
#)....# #.# #.....# #.#
###'### #.#


You could see jazmu's ghost.

Vanquished Creatures
  Natasha (D:2)
  3 adders (D:3)
  3 dart slugs
  2 orcs (D:3)
  2 ball pythons
  9 bats
  2 giant cockroaches
  4 goblins
  9 hobgoblins
  6 jackals
  7 kobolds
  3 giant newts
  A rat (D:2)
52 creatures vanquished.

Notes
Turn   | Place    | Note
--------------------------------------------------------------
     0 | D:1      | grisgris the Vampire Enchanter began the quest for the Orb.
     0 | D:1      | Reached XP level 1. HP: 13/13 MP: 3/3
   618 | D:1      | Reached XP level 2. HP: 12/19 MP: 3/5
   629 | D:1      | Learned a level 2 spell: Ensorcelled Hibernation
  1178 | D:2      | Reached XP level 3. HP: 25/25 MP: 3/6
  1358 | D:2      | Noticed Natasha
  1373 | D:2      | Killed Natasha
  1373 | D:2      | Reached skill level 1 in Fighting
  1373 | D:2      | Reached XP level 4. HP: 32/32 MP: 1/7
  1419 | D:2      | Noticed Natasha
  1436 | D:3      | Noticed jazmu's ghost (amateur OpFE)
  1649 | D:3      | Learned a level 3 spell: Confuse
  2719 | D:3      | Reached skill level 1 in Ice Magic
  2810 | D:3      | Killed from afar by jazmu's ghost

Skill      XL: |  1  2  3  4 |
---------------+-------------+-----
Fighting       | 1 |  1.0
Short Blades   | 2 |  2.0
Dodging        | 3 |  3.0
Spellcasting   | 3 |  3.0
Ice Magic      | 1 |  1.0
Stealth        | |  4.8
Hexes          | |  4.8

Action                   |  1- 3 |  4- 6 || total
-------------------------+-------+-------++-------
Melee: Dagger            |    84 |    36 ||   120
       Bite              |     6 |     2 ||     8
 Cast: Corona            |    12 |     1 ||    13
       Ensorcelled Hiber |    14 |    11 ||    25
       Confuse           |       |     1 ||     1
  Use: Scroll            |       |     4 ||     4
       Potion            |       |     3 ||     3
 Stab: Sleeping          |    20 |    14 ||    34
Armor: Robe              |    29 |     4 ||    33
Dodge: Dodged            |    63 |    18 ||    81
